Map: [ESL] Data-C

Players

Ranger - Winner!

  • Race: Protoss Protoss
  • Spawn Location: 3:00

MeomaikA

  • Race: Zerg Zerg
  • Spawn Location: 9:00

Event: DreamHack SC2 Masters 2022 Atlanta (Online)

VOD

Have the link to the VOD?

Description

Time

  • Played on: Oct. 1, 2022, 5:53 a.m.
  • Length: 17:39

All games in this series

Show
View Real Time Build Order
Export as new Build Order

Ranger Protoss - Winner!

Build Orders: 1 Gate Expand, Oracle Opening 

Get SALT Encoding   

  12  0:00  Probe  
  13  0:12  Probe  
  14  0:19  Pylon  
  14  0:24  Probe  
  15  0:38  Probe (Chrono Boost), Gateway  
  16  0:46  Probe (Chrono Boost)  
  16  0:47  Assimilator  
  17  0:52  Probe  
  18  1:04  Probe  
  19  1:17  Probe  
  20  1:24  Nexus  
  20  1:34  Cybernetics Core  
  20  1:37  Probe  
  21  1:43  Assimilator  
  21  1:51  Probe  
  22  1:56  Pylon  
  22  2:03  Probe  
  23  2:13  Adept (Chrono Boost)  
  23  2:15  Probe  
  26  2:20  Stargate  
  26  2:27  Probe (Chrono Boost)  
  27  2:31  Warp Gate  
  27  2:36  Adept  
  29  2:38  Probe (Chrono Boost)  
  29  2:39  Probe (Chrono Boost)  
  31  2:47  Probe (Chrono Boost)  
  31  2:48  Probe (Chrono Boost)  
  32  2:52  Probe (Chrono Boost)  
  32  2:53  Probe  
  34  3:04  Probe  
  35  3:05  Adept  
  35  3:06  Oracle  
  35  3:10  Probe  
  41  3:16  Probe  
  41  3:17  Gateway  
  42  3:22  Probe  
  43  3:28  Probe, Pylon  
  44  3:36  Probe  
  44  3:40  Probe  
  46  3:44  Oracle (Chrono Boost)  
  48  3:48  Probe  
  48  3:49  Adept  
  50  3:57  Nexus  
  50  3:59  Pylon  
  50  4:00  Probe  
  51  4:04  Probe  
  52  4:12  Probe  
  52  4:16  Probe  
  54  4:17  Oracle (Chrono Boost)  
  54  4:18  Assimilator  
  54  4:22  Assimilator  
  57  4:26  Adept  
  57  4:27  Adept  
  57  4:28  Probe  
  62  4:36  Robotics Facility  
  62  4:37  Pylon  
  62  4:39  Forge  
  62  4:55  Probe x2  
  60  5:02  Adept x2  
  60  5:05  Gateway  
  60  5:07  Probe (Chrono Boost)  
  60  5:08  Probe (Chrono Boost)  
  60  5:09  Twilight Council, Gateway, Probe (Chrono Boost)  
  60  5:11  Protoss Ground Weapons Level 1  
  61  5:18  Shield Battery, Probe x2 (Chrono Boost)  
  61  5:20  Probe (Chrono Boost)  
  64  5:22  Probe (Chrono Boost)  
  64  5:23  Observer  
  64  5:27  Sentry  
  64  5:28  Adept, Probe  
  70  5:29  Probe  
  70  5:33  Probe  
  73  5:38  Pylon  
  73  5:40  Probe  
  73  5:41  Probe, Pylon  
  75  5:45  Probe  
  75  5:48  Immortal (Chrono Boost)  
  76  5:53  Probe  
  76  5:54  Probe  
  76  5:56  Gateway  
  82  6:01  Probe, Assimilator  
  82  6:03  Assimilator  
  83  6:08  Zealot x3, Sentry  
  91  6:14  Probe  
  91  6:15  Probe  
  93  6:18  Gateway  
  93  6:23  Probe  
  93  6:25  Gateway  
  94  6:26  Photon Cannon  
  94  6:28  Photon Cannon  
  94  6:32  Probe  
  95  6:34  Photon Cannon  
  95  6:35  Zealot x2  
  95  6:38  Stalker  
  101  6:51  Gateway  
  101  6:52  Gateway  
  101  7:03  Pylon  
  101  7:07  Pylon  
  101  7:21  Probe x3  
  104  7:25  Zealot x6  
  104  7:29  Gateway  
  116  7:30  Photon Cannon  
  116  7:33  Probe, Photon Cannon  
  117  7:37  Probe  
  117  7:38  Pylon  
  117  7:39  Protoss Ground Weapons Level 2 (Chrono Boost)  
  117  7:41  Nexus  
  117  7:49  Pylon  
  117  7:51  Pylon  
  117  7:52  Pylon  
  117  7:54  Pylon  
  117  7:57  Charge (Chrono Boost)  
  117  8:04  Pylon  
  117  8:06  Oracle  
  117  8:07  Shield Battery, Observer (Chrono Boost), Probe x3  
  124  8:13  Sentry  
  124  8:17  Photon Cannon  
  126  8:21  Templar Archives  
  126  8:28  Pylon  
  126  8:30  Pylon  
  126  8:32  Shield Battery, Pylon  
  126  8:34  Shield Battery, Oracle  
  126  8:37  Shield Battery  
  126  8:39  Photon Cannon  
  123  8:42  Photon Cannon  
  123  8:43  Shield Battery  
  126  8:50  Assimilator  
  126  8:56  Assimilator  
  126  9:01  High Templar x9  
  144  9:06  Robotics Facility  
  144  9:09  Robotics Facility  
  144  9:10  Robotics Bay  
  144  9:11  Probe  
  144  9:12  Archon x4  
  144  9:16  Gateway  
  145  9:17  Gateway  
  145  9:20  Probe x2  
  145  9:22  Photon Cannon  
  133  9:29  Oracle (Chrono Boost), Photon Cannon  
  129  9:34  Probe x3  
  129  9:35  Probe  
  136  9:42  Blink  
  136  9:45  Zealot x2, High Templar x4  
  144  9:46  Zealot x3, Immortal (Chrono Boost), Probe  
  159  9:54  Archon x2  
  159  9:57  Photon Cannon  
  159  10:03  Photon Cannon  
  155  10:09  High Templar  
  155  10:10  Probe, High Templar  
  155  10:11  Probe  
  161  10:16  Psionic Storm  
  161  10:17  Archon  
  161  10:18  High Templar x2  
  165  10:27  Observer  
  165  10:28  Archon  
  165  10:31  Warp Prism  
  165  10:32  Warp Prism  
  165  10:34  Warp Prism  
  171  10:38  Protoss Ground Weapons Level 3 (Chrono Boost)  
  171  10:46  Pylon  
  171  10:48  Pylon  
  171  10:50  Pylon  
  171  10:52  High Templar x2  
  171  10:53  Probe  
  176  11:03  Shield Battery  
  172  11:05  Shield Battery  
  172  11:06  Nexus  
  172  11:08  Assimilator, High Templar x2  
  176  11:11  Immortal  
  176  11:12  Assimilator  
  176  11:13  Shield Battery, Immortal  
  176  11:15  Pylon  
  176  11:17  Pylon  
  184  11:19  Pylon  
  184  11:20  Probe x3  
  184  11:23  Probe  
  187  11:34  Zealot x6  
  199  11:41  Stargate  
  199  11:42  Fleet Beacon  
  199  11:46  Zealot x2  
  188  11:55  Zealot x3  
  188  12:00  High Templar x2  
  188  12:01  High Templar  
  200  12:06  Zealot x4  
  200  12:15  Pylon  
  198  12:16  Pylon  
  198  12:18  Shield Battery  
  198  12:20  Shield Battery  
  198  12:22  High Templar x2  
  196  12:25  High Templar x2  
  196  12:26  Archon  
  196  12:28  Probe x4  
  200  12:30  Photon Cannon  
  196  12:47  Immortal  
  196  12:52  Dark Shrine  
  196  12:57  Carrier (Chrono Boost), Immortal x2  
  188  13:09  Protoss Air Weapons Level 1 (Chrono Boost)  
  194  13:20  Carrier (Chrono Boost)  
  194  13:21  High Templar x2  
  194  13:24  Zealot x2  
  194  13:26  Archon  
  200  13:29  Archon  
  200  13:31  Photon Cannon  
  200  13:32  Photon Cannon  
  200  13:33  Photon Cannon  
  198  13:35  Photon Cannon  
  198  13:37  Zealot x3, Photon Cannon  
  198  13:39  Photon Cannon  
  198  14:05  Protoss Shields Level 1 (Chrono Boost)  
  198  14:06  Carrier (Chrono Boost)  
  196  14:22  Nexus  
  196  14:23  Archon  
  196  14:24  Pylon  
  196  14:26  Shadow Stride (Chrono Boost), Zealot x2  
  196  14:28  Assimilator  
  200  14:36  Photon Cannon  
  200  14:37  Photon Cannon  
  200  14:39  Shield Battery, Photon Cannon x2  
  200  14:40  Shield Battery  
  200  14:41  Shield Battery  
  200  14:44  Pylon  
  198  14:48  Pylon  
  198  14:49  Pylon  
  198  14:52  Pylon  
  196  14:54  Zealot x5  
  196  14:55  Zealot  
  189  15:02  Assimilator  
  189  15:04  Stalker x4  
  189  15:05  Stalker  
  180  15:10  Probe x2  
  180  15:11  Probe x2  
  183  15:14  High Templar x3  
  183  15:15  High Templar  
  183  15:20  Archon x2  
  191  15:22  Assimilator  
  191  15:26  Pylon  
  191  15:29  Photon Cannon  
  191  15:31  Dark Templar x2  
  195  15:45  Dark Templar x2  
  197  16:00  High Templar x2  
  195  16:10  Zealot x5  
  197  16:17  Zealot x2  
  193  16:21  Zealot  
  193  16:23  Dark Templar  
  197  16:32  Zealot x3  
  199  16:39  Observer  
  200  16:52  Archon x3  
Show
View Real Time Build Order
Export as new Build Order

MeomaikA Zerg 

Build Orders: Hatch First 

Get SALT Encoding   

  12  0:00  Drone  
  13  0:12  Overlord  
  13  0:16  Drone  
  14  0:30  Drone x2  
  16  0:38  Drone  
  17  0:52  Hatchery  
  17  0:54  Drone  
  17  0:58  Drone  
  18  1:11  Spawning Pool  
  18  1:15  Drone, Extractor  
  17  1:18  Drone  
  18  1:27  Drone  
  19  1:38  Overlord  
  19  1:56  Drone  
  19  1:58  Queen  
  19  2:00  Drone  
  23  2:04  Drone  
  23  2:05  Queen  
  26  2:11  Drone  
  26  2:15  Drone  
  28  2:16  Metabolic Boost  
  28  2:21  Drone  
  29  2:25  Drone  
  30  2:32  Drone  
  30  2:33  Queen  
  33  2:38  Drone  
  33  2:42  Queen  
  36  2:46  Overlord  
  36  3:03  Drone  
  36  3:06  Drone x3  
  36  3:07  Drone  
  40  3:13  Drone  
  40  3:14  Hatchery  
  40  3:16  Drone  
  41  3:22  Drone x2  
  41  3:25  Drone  
  44  3:29  Overlord  
  44  3:34  Spore Crawler  
  44  3:39  Spore Crawler, Drone x2  
  44  3:47  Overlord  
  44  3:48  Drone  
  44  3:49  Drone  
  44  3:50  Drone  
  47  3:58  Drone  
  47  3:59  Spore Crawler  
  47  4:02  Drone x4  
  51  4:10  Evolution Chamber x2  
  49  4:18  Drone  
  49  4:19  Drone x6  
  49  4:21  Overlord  
  56  4:31  Zergling x4  
  56  4:32  Zergling x6  
  61  4:39  Zerg Ground Armor Level 1, Zerg Melee Weapons Level 1  
  61  4:41  Zergling x2  
  61  4:42  Zergling x2  
  61  4:43  Zergling x2  
  64  4:48  Zergling x4, Baneling Nest  
  65  4:53  Zergling x2  
  65  4:55  Zergling x2, Drone  
  65  4:56  Zergling x2  
  65  4:58  Drone x2  
  63  5:07  Drone x3  
  63  5:08  Drone  
  63  5:10  Drone x3  
  63  5:11  Drone  
  63  5:12  Drone  
  72  5:22  Drone x2  
  72  5:24  Hatchery  
  72  5:25  Overlord  
  72  5:27  Overlord  
  73  5:32  Zergling x2  
  73  5:33  Zergling x2  
  73  5:34  Overlord  
  73  5:35  Overlord  
  73  5:41  Overlord  
  73  5:45  Zergling x12, Extractor  
  73  5:46  Zergling x2, Extractor  
  73  5:47  Zergling x2  
  78  5:50  Zergling x4  
  78  5:53  Lair  
  78  5:54  Drone x2  
  82  5:57  Drone  
  82  6:02  Queen x2  
  87  6:05  Zergling x4  
  87  6:06  Zergling x2  
  87  6:07  Zergling x2  
  91  6:14  Drone x2  
  91  6:15  Drone x2  
  91  6:16  Drone x2  
  91  6:17  Drone x3  
  99  6:19  Zergling x2  
  100  6:26  Zergling x2  
  100  6:28  Zergling x2  
  100  6:30  Zergling x2  
  103  6:37  Baneling  
  103  6:38  Zergling x6  
  103  6:39  Zergling x8  
  108  6:40  Zergling x2  
  108  6:41  Zergling x4, Overlord  
  108  6:42  Zergling x2  
  108  6:44  Zergling x2  
  112  6:49  Zergling x2  
  112  6:51  Zergling x2  
  112  6:52  Zerg Melee Weapons Level 2, Zerg Ground Armor Level 2  
  112  6:53  Zergling x2  
  114  6:55  Drone  
  114  6:56  Spore Crawler  
  114  7:00  Zergling x2  
  115  7:02  Drone  
  115  7:03  Zergling x4  
  115  7:04  Drone  
  115  7:05  Drone  
  115  7:06  Zergling x2  
  115  7:07  Hatchery  
  119  7:08  Zergling x2  
  119  7:11  Overlord  
  119  7:14  Baneling x7  
  119  7:15  Zergling x2  
  119  7:16  Zergling x4  
  119  7:17  Zergling x2, Overlord  
  119  7:18  Zergling x2  
  119  7:19  Zergling x2  
  119  7:20  Zergling x2  
  125  7:27  Zergling x6  
  125  7:28  Zergling x2  
  125  7:29  Zergling x4  
  120  7:31  Zergling x2  
  120  7:32  Zergling x2  
  120  7:33  Zergling x4  
  108  7:38  Zergling x2  
  108  7:39  Zergling x2  
  108  7:40  Zergling x2  
  108  7:41  Zergling x4  
  108  7:42  Zergling x2, Centrifugal Hooks  
  108  7:43  Zergling x2  
  105  7:47  Zergling x2  
  105  7:48  Zergling x6  
  105  7:49  Zergling x2  
  105  7:50  Zergling x2  
  109  7:55  Zergling x2  
  109  7:56  Zergling x6  
  113  7:59  Infestation Pit, Queen  
  113  8:01  Zergling x12, Extractor  
  119  8:06  Zergling x2  
  119  8:08  Queen  
  119  8:09  Queen  
  124  8:13  Zergling x6  
  124  8:15  Zergling x6  
  124  8:16  Zergling x2  
  124  8:18  Zergling x2  
  130  8:20  Zergling x6  
  130  8:23  Drone  
  130  8:24  Drone x2  
  130  8:26  Zergling x4  
  138  8:27  Overlord  
  138  8:28  Zergling x2  
  138  8:31  Drone x4  
  143  8:34  Drone x2  
  143  8:36  Hive  
  143  8:38  Drone  
  143  8:40  Drone  
  148  8:41  Drone  
  148  8:47  Drone x3  
  148  8:48  Drone x2  
  153  8:49  Zergling x2  
  153  8:50  Zergling x6  
  153  8:52  Overlord  
  153  8:53  Zergling x2  
  158  8:55  Zergling x2  
  158  8:56  Overlord  
  158  8:57  Overlord  
  158  9:02  Baneling x11  
  158  9:14  Zergling x2  
  158  9:15  Zergling x20  
  170  9:17  Zergling x4  
  170  9:19  Zergling x4  
  163  9:25  Zergling x8  
  163  9:27  Zergling x12  
  163  9:28  Zergling x4  
  163  9:30  Zergling x4  
  156  9:31  Zergling x2  
  156  9:35  Zergling x2  
  157  9:38  Zergling x4  
  157  9:41  Zergling x2  
  157  9:42  Zergling x2  
  157  9:43  Zergling x4  
  157  9:44  Zergling x2  
  157  9:45  Zergling x4  
  166  9:46  Zergling x4  
  166  9:50  Zergling x4  
  166  9:51  Zerg Melee Weapons Level 3  
  170  9:53  Adrenal Glands  
  170  9:54  Drone x2, Ultralisk Cavern  
  170  9:55  Drone, Extractor  
  170  9:56  Zergling x6  
  170  9:57  Zergling x2  
  170  9:59  Zergling x4  
  176  10:04  Zergling x10  
  176  10:05  Overlord x2  
  181  10:07  Zergling x2  
  181  10:13  Baneling x14  
  182  10:15  Overlord  
  182  10:18  Spine Crawler x2  
  182  10:19  Spore Crawler, Hatchery  
  178  10:25  Zergling x20  
  185  10:47  Chitinous Plating  
  185  10:48  Ultralisk  
  190  10:51  Extractor  
  189  11:09  Zerg Ground Armor Level 3  
  186  11:11  Extractor  
  186  11:15  Drone x3  
  188  11:23  Spore Crawler  
  187  11:30  Ultralisk  
  193  11:34  Ultralisk  
  199  11:54  Extractor  
  198  12:08  Ultralisk  
  196  12:11  Ultralisk  
  191  12:19  Ultralisk  
  191  12:20  Zergling x8  
  195  12:25  Baneling  
  195  12:26  Baneling x12  
  195  12:27  Zergling x2  
  195  12:28  Zergling x8  
  196  12:49  Zergling x2  
  196  12:50  Zergling x10  
  200  12:52  Zergling x2  
  200  12:55  Zergling x2, Ultralisk x3  
  200  12:56  Zergling x10  
  199  13:03  Anabolic Synthesis  
  199  13:04  Zergling x10  
  199  13:12  Zergling x2  
  200  13:15  Zergling x12  
  200  13:17  Zergling x2  
  200  13:19  Zergling x2  
  199  13:21  Zergling x2  
  199  13:23  Zergling x4  
  194  13:28  Zergling x2  
  194  13:29  Zergling x12  
  186  13:35  Zergling x2  
  186  13:36  Zergling x2  
  186  13:37  Zergling x10  
  171  13:41  Ultralisk x2  
  171  13:42  Ultralisk  
  171  13:47  Zergling x4  
  171  13:48  Zergling x2  
  189  13:50  Zergling x2  
  189  13:51  Zergling x2  
  189  13:52  Zergling x2  
  189  13:54  Zergling x4  
  191  13:58  Zergling x2  
  191  14:02  Zergling x4  
  189  14:06  Zergling x2  
  189  14:07  Zergling x4  
  191  14:11  Zergling x2  
  191  14:12  Zergling x4  
  191  14:15  Zergling x2  
  191  14:16  Zergling x4  
  197  14:22  Zergling x2  
  197  14:24  Spore Crawler, Spine Crawler x2  
  194  14:25  Zergling x4, Spine Crawler  
  194  14:27  Baneling x20  
  194  14:29  Zergling x6, Spine Crawler  
  196  14:32  Zergling x6  
  198  14:50  Zergling x14  
  191  14:58  Zergling x38, Spire x2  
  191  15:00  Zergling x2  
  191  15:01  Zergling x4  
  191  15:02  Zergling x2  
  191  15:03  Zergling x6  
  191  15:05  Zergling x2  
  161  15:09  Zergling x6  
  161  15:10  Ultralisk  
  161  15:12  Ultralisk  
  161  15:14  Ultralisk x3  
  166  15:15  Zergling x6  
  166  15:16  Queen x5  
  166  15:17  Queen  
  166  15:18  Zergling x2  
  166  15:20  Zergling x2  
  166  15:21  Zergling x2, Zerg Missile Weapons Level 1  
  171  15:23  Ultralisk  
  171  15:24  Zergling x2  
  171  15:25  Zergling x6  
  171  15:26  Zergling x4  
  171  15:27  Zergling x2  
  184  15:29  Zergling x2  
  185  15:47  Overseer  
  185  15:52  Pneumatized Carapace  
  169  16:19  Corruptor x9  
  169  16:21  Zergling x2  
  169  16:22  Zergling x22  
  169  16:25  Zergling x6  
  199  16:26  Zergling x2  
  187  16:36  Baneling x8  
  187  16:38  Zergling x6  
  187  16:39  Zergling x12  
  194  16:40  Zergling x2  
  194  16:42  Zergling x2  
  194  16:44  Zergling x6  
  194  16:47  Zergling x2  
  185  16:53  Zergling x14  
  166  16:55  Zergling x2  
  166  16:56  Zergling x2  
  166  16:57  Zergling x2  
Tags
 
Add a new tag
Caveats
  • Supply blocks, unpowered buildings, or Contaminate may cause inaccurate times.
  • Supply counts are checked every 10 seconds.